 Dungeon Crawl Stone Soup version 0.30.1-11-g7821555f0a (webtiles) character file.

Game seed: 10021398979917635911

321814 eliilek the Hoplite (level 20, -7/195 HPs)
             Began as a Minotaur Fighter on Dec 31, 2023.
             Was the Champion of Nemelex Xobeh.
             Killed from afar by Mara the hellephant (46 damage)
             ... with a blast of flame
             ... on level 2 of the Vaults on Jan 1, 2024.
             The game lasted 03:38:35 (53612 turns).

eliilek the Hoplite (Minotaur Fighter)             Turns: 53612, Time: 03:38:36

Health: -7/195     AC: 35    Str: 32    XL:     20   Next: 65%
Magic:  30/30      EV: 10    Int:  5    God:    Nemelex Xobeh [******]
Gold:   3478       SH: 28    Dex: 16    Spells: 19/19 levels left

rFire   . . .        a - +3 spear "Tyemirux" {drain, Dex+3}
rCold   + . .        o - +4 tower shield of Relativism {rElec rPois Str+5}
rNeg    . . .        B - +2 crystal plate armour
rPois   +            (helmet restricted)
rElec   +            L - +1 cloak
rCorr   .            W - +0 pair of gloves "Damuonup" {Will+}
SInv    +            m - +2 pair of boots
Will    +++..        x - amulet of the acrobat Stlth
                     V - ring of willpower
HPRegen 0.52/turn    y - ring of Rusuf {Fly rElec rC+ SInv Stlth+}
MPRegen 0.22/turn

%: acrobat
@: flying, studying 2 skills
A: horns 2, retaliatory headbutt
}: 2/15 runes: decaying, serpentine
a: Renounce Religion, Draw Escape, Draw Destruction, Draw Summoning, Triple
Draw, Deal Four, Stack Five


You were on level 2 of the Vaults.
You worshipped Nemelex Xobeh.
Nemelex Xobeh was exalted by your worship.
You visited 7 branches of the dungeon, and saw 36 of its levels.
You visited 1 ziggurat, and saw 4 of its levels.
You also visited: Bailey and Volcano.

You collected 6972 gold pieces.
You spent 3494 gold pieces at shops.

Inventory:

Hand Weapons
 a - the +3 spear "Tyemirux" (weapon) {drain, Dex+3}
   (You found it on level 1 of the Lair of Beasts)

   Dex:       It affects your dexterity (+3).
Missiles
 l - 59 poisoned darts (quivered)
 s - 9 curare-tipped darts
 z - 2 throwing nets
 U - 5 atropa-tipped darts
Armour
 m - a +2 pair of boots (worn)
 o - the +4 tower shield of Relativism (worn) {rElec rPois Str+5}
   (You found it in a bailey)

   Str:       It affects your strength (+5).
   rElec:     It insulates you from electricity.
   rPois:     It protects you from poison.
 B - a +2 crystal plate armour (worn)
 L - a +1 cloak (worn)
 M - a +3 plate armour of fire resistance
 W - the +0 pair of gloves "Damuonup" (worn) {Will+}
   (You found it on level 3 of the Snake Pit)

   Will:      It increases your willpower.
Jewellery
 x - an amulet of the acrobat (around neck)
 y - the ring of Rusuf (right hand) {Fly rElec rC+ SInv Stlth+}
   (You acquired it on level 3 of the Depths)

   [ring of flight]

   rC:        It protects you from cold.
   rElec:     It insulates you from electricity.
   SInv:      It lets you see invisible.
   Fly:       It grants you flight.
   Stlth:     It makes you more stealthy.
 H - a ring of positive energy
 O - a ring of resist corrosion
 V - a ring of willpower (left hand)
Wands
 c - a wand of iceblast (37)
 q - a wand of flame (81)
 t - a wand of charming (33)
 w - a wand of mindburst (41)
 C - a wand of polymorph (24)
 D - a wand of quicksilver (40)
 E - a wand of digging (10)
Scrolls
 b - 9 scrolls of fear
 f - 14 scrolls of identify
 g - 6 scrolls of silence
 h - 3 scrolls of fog
 k - 6 scrolls of magic mapping
 n - 22 scrolls of teleportation
 r - 4 scrolls of brand weapon
 A - 9 scrolls of blinking
 I - 6 scrolls of enchant weapon
 Q - 5 scrolls of poison
 R - a scroll of summoning
 T - a scroll of enchant armour
Potions
 d - 2 potions of resistance
 e - 7 potions of flight
 i - 5 potions of lignification
 j - 6 potions of invisibility
 p - 13 potions of curing
 u - 2 potions of heal wounds
 v - 4 potions of ambrosia
 F - 5 potions of haste
 G - 4 potions of might
 J - 6 potions of mutation
 K - 4 potions of cancellation
 N - 4 potions of berserk rage


   Skills:
 + Level 20.7 Fighting
 - Level 2.4 Maces & Flails
 + Level 20.2 Polearms
 - Level 18.0 Armour
 - Level 8.0 Dodging
 * Level 24.1 Shields
 - Level 15.0 Invocations


You had 19 spell levels left.
You didn't know any spells.
Your spell library contained the following spells:

 Spells                   Type           Power      Damage    Failure   Level
 Blink                    Tloc           0%         N/A       100%        2
 Cigotuvi's Dreadful Rot  Necr/Pois/Air  0%         N/A       100%        2
 Sublimation of Blood     Necr           0%         N/A       100%        2
 Wereblood                Tmut           0%         N/A       100%        2
 Call Canine Familiar     Summ           0%         N/A       100%        3
 Dazzling Flash           Conj/Hex       0%         N/A       100%        3
 Gell's Gravitas          Tloc           0%         N/A       100%        3
 Ignite Poison            Fire/Tmut/Pois 0%         N/A       100%        3
 Ozocubu's Armour         Ice            0%         N/A       100%        3
 Portal Projectile        Hex/Tloc       0%         N/A       100%        3
 Teleport Other           Tloc           0%         N/A       100%        3
 Volatile Blastmotes      Fire/Tloc      0%         2d10      100%        3
 Animate Armour           Summ/Erth      0%         N/A       100%        4
 Cause Fear               Hex            0%         N/A       100%        4
 Fulminant Prism          Conj/Hex       0%         3d5       100%        4
 Iskenderun's Mystic Bla  Conj/Tloc      0%         2d3       100%        4
 Leda's Liquefaction      Hex/Erth       0%         N/A       100%        4
 Manifold Assault         Tloc           0%         N/A       100%        4
 Olgreb's Toxic Radiance  Pois           0%         N/A       100%        4
 Petrify                  Tmut/Erth      0%         N/A       100%        4
 Agony                    Necr           0%         N/A       100%        5
 Blade Hands              Tmut           0%         N/A       100%        5
 Freezing Cloud           Conj/Ice/Air   0%         6-21      100%        5
 Irradiate                Conj/Tmut      0%         3d11      100%        5
 Lee's Rapid Deconstruct  Erth           0%         3d4*      100%        5
 Silence                  Hex/Air        0%         N/A       100%        5
 Dispersal                Tloc           0%         N/A       100%        6
 Iron Shot                Conj/Erth      0%         9d1       100%        6
 Starburst                Conj/Fire      0%         6d3       100%        6
 Dragon Form              Tmut           0%         N/A       100%        7
 Ozocubu's Refrigeration  Ice            0%         4d7       100%        7
 Storm Form               Tmut/Air       0%         N/A       100%        7
 Summon Hydra             Summ           0%         N/A       100%        7
 Discord                  Hex            0%         N/A       100%        8
 Disjunction              Tloc           0%         N/A       100%        8
 Ignition                 Fire           0%         3d3       100%        8
 Dragon's Call            Summ           0%         N/A       100%        9


Dungeon Overview and Level Annotations

Branches:
Dungeon (15/15)            Temple (0/1) D:6            Lair (5/5) D:10
  Swamp (4/4) Lair:3        Snake (4/4) Lair:2        Slime (0/5) Lair:5
    Orc (2/2) D:10            Elf (0/3) Orc:2        Vaults (2/5) D:14
  Crypt (0/3) Vaults:2     Depths (4/4) D:15            Zot (0/5) Depths:4
 Bailey (visited)         Volcano (visited)

Altars:
Ashenzari
Dithmenos
Fedhas
Hepliaklqana
Kikubaaqudgha
Makhleb
Nemelex Xobeh
Okawaru
Qazlal
Sif Muna
Trog
Wu Jian
Zin
Lugonu

Shops:
Orc:1 [   Orc:2 ([*(*   Snake:4 *   Depths:2 *   Depths:4 [*!*

Portals:
Hell: Depths:1 Depths:2 Depths:3 Depths:4
Abyss: Lair:5 Depths:3 Depths:4
Pandemonium: Depths:2
Trove: Depths:4 (show slimy rune of Zot)

Annotations:
Lair:5 1 runed translucent door
Vaults:2 Mara
Depths:1 3 runed translucent doors
Depths:2 2 transporters


Innate Abilities, Weirdness & Mutations

You have a pair of horns on your head.
You reflexively headbutt those who attack you in melee.


Message History

Mara breathes flames at you. The blast of flame hits you!!! Mara hits you.
You block Mara's attack.
You hit Mara.
Mara is moderately wounded.
Eliilek gestures at you while chanting. You resist with almost no effort.
You barely miss Mara. You headbutt Mara!
Mara is heavily wounded.
Mara blinks!
Mara gestures at you. The iron shot misses you.
You draw a card...
You have drawn Velocity.
Eliilek seems to slow down.
Mara seems to slow down.
You block Mara's attack. x2
Eliilek hits you but does no damage. You block eliilek's attack.
Mara hits you but does no damage. You block Mara's attack.
Mara attacks as you move away! You block Mara's attack.
Mara hits you but does no damage. Eliilek hits you but does no damage.
You block eliilek's attack. Mara attacks as you move away!
You block Mara's attack. Mara hits you but does no damage.
Mara breathes flames at you. The blast of flame hits you!
* * * LOW HITPOINT WARNING * * *
Mara gestures at you. The iron shot hits you!!!
* * * LOW HITPOINT WARNING * * *
You feel much better.
Eliilek is no longer moving slowly.
Mara blinks! x2
Eliilek gestures at you while chanting. You resist with almost no effort.
You block Mara's attack. Mara hits you but does no damage.
You closely miss Mara. You headbutt Mara, but do no damage.
Mara is heavily wounded.
You puncture Mara! You headbutt Mara!
Mara is severely wounded.
Mara is no longer moving slowly.
Mara breathes flames at you.
The blast of flame hits Mara.
Mara completely resists.
The blast of flame hits you!!!
You die...
Your body disappears without a glow.

#...(.# #########
#.....# #.......#
#.....# #.......#
#.....# #.......#
#.....# #.......#
#.....# #.......#
#.....# #.......#
#.....######'#'#######
#.......ยง.@.[.........
#.........Y1H.........
+.............).......
#...........Y.........
#.....................
#+##+##+#########'###'
... ... ...


You could see 2 hellephants, Mara the Hell Sentinel (summoned, misshapen) and
eliilek the fenstrider witch (summoned, misshapen).

Vanquished Creatures
  A juggernaut (Depths:4)
  Mennas (Vaults:2)
  Sojobo (D:15)
  Saint Roka (Orc:2)
  Vashnia (Snake:3)
  2 golden dragons (Depths:4)
  A bone dragon (Depths:4)
  2 tentacled monstrosities
  A lich (Depths:2)
  Rupert (Snake:1)
  An acid blob (Zig:3)
  3 thorn hunters (Swamp:4)
  3 sphinxes
  A shadow dragon (Depths:3)
  2 tengu reavers
  3 storm dragons
  A fenstrider witch (Swamp:4)
  4 nagarajas (Snake:4)
  An azure jelly (Zig:3)
  2 draconian monks (Depths:4)
  3 fire giants
  A vault warden (Vaults:1)
  4 frost giants
  2 iron dragons (Depths:3)
  Louise (Depths:4)
  An orc warlord (Vaults:2)
  12 stone giants
  27 very ugly things
  A black draconian (Depths:4)
  5 eleionomae
  6 ironbound thunderhulks
  4 bunyips
  2 vampire knights
  4 dire elephants (Vaults:2)
  4 spark wasps (Depths:4)
  A white draconian (Depths:4)
  3 ettins
  An entropy weaver (Vaults:1)
  A yaktaur captain (Vaults:2)
  The ghost of Luopp the Cleaver, a journeyman MiFi of Ru (Orc:1)
  4 great orbs of eyes
  10 fire dragons
  4 shambling mangroves
  2 salamander tyrants (Snake:4)
  22 hydras
  5 ice dragons
  5 spriggan air magi
  An ogre mage (Orc:1)
  2 death knights
  5 ironbound frosthearts
  Erica (Lair:2)
  10 alligators
  4 centaur warriors
  4 ghost crabs
  7 anacondas
  2 vault guards
  6 two-headed ogres
  5 boulder beetles
  6 deep troll shamans
  9 naga warriors
  7 tengu warriors
  2 vampire magi
  6 deep troll earth magi
  6 spriggan berserkers
  An orc high priest (Orc:2)
  5 thrashing horrors
  16 naga sharpshooters
  5 hell knights (Depths:1)
  3 shock serpents
  A wretched star (Zig:4)
  2 skeletal warriors
  3 iron trolls
  3 salamander mystics
  3 skysharks
  A goliath frog (shapeshifter) (Depths:4)
  A flayed ghost (Depths:4)
  4 goliath frogs
  2 glowing orange brains
  4 bog bodies
  15 deep trolls
  7 naga ritualists
  7 swamp dragons (Swamp:4)
  4 ironbound convokers
  2 obsidian statues (Zig:1)
  A deep elf pyromancer (D:13)
  4 wizards
  2 orange crystal statues (Zig:1)
  A golden dragon skeleton (Depths:1)
  4 necromancers
  4 phantasmal warriors
  36 ugly things
  18 lindwurms
  5 mana vipers
  7 orc knights
  A shining eye (shapeshifter) (D:15)
  3 orc sorcerers
  An oklob plant (Lair:2)
  2 manticores
  A sphinx skeleton (Depths:1)
  7 cyclopes
  12 salamanders
  2 will-o-the-wisps
  Maurice (D:13)
  2 guardian serpents
  10 elephants
  29 black mambas
  3 gargoyles
  A water nymph (Swamp:3)
  15 naga magi
  A smoke demon (Lair:5)
  An eye of devastation (shapeshifter) (D:14)
  6 vault sentinels
  A torpor snail (Lair:4)
  11 cane toads
  A molten gargoyle (Volcano)
  2 unseen horrors
  3 rime drakes
  A komodo dragon (shapeshifter) (Depths:4)
  9 komodo dragons
  4 tengu conjurers
  4 yaktaurs (Vaults:2)
  A spark wasp simulacrum (Depths:1)
  7 efreet
  3 freezing wraiths
  2 ancient zymes (Lair:5)
  A burning bush (Lair:1)
  2 guardian mummies (Depths:4)
  7 meliai
  A polar bear (Lair:5)
  5 trolls
  4 tyrant leeches (Swamp:1)
  20 blink frogs
  2 bloated husks
  16 hornets
  An ettin zombie (Depths:1)
  25 slime creatures
  2 shadows
  Sigmund (D:3)
  11 spriggans
  3 wyverns
  7 water elementals
  2 vampires
  2 ynoxinuls (Lair:5)
  3 large abominations
  40 yaks
  A spriggan simulacrum (Depths:1)
  5 wraiths
  3 fire elementals (Volcano)
  10 basilisks
  2 steam dragons
  17 vampire mosquitoes
  8 redbacks
  3 chaos spawn (Lair:5)
  14 swamp worms
  26 nagas
  3 wargs
  2 acid dragons
  21 water moccasins
  A floating eye (Depths:4)
  6 swamp drakes
  43 orc warriors
  6 black bears
  An ice beast (D:8)
  9 ogres
  5 wolves
  5 boggarts (Vaults:2)
  10 centaurs
  2 kobold brigands
  9 small abominations (Lair:5)
  6 scorpions
  A gnoll sergeant (D:9)
  15 bullfrogs
  3 earth elementals (Volcano)
  10 killer bees (D:11)
  4 howler monkeys
  An electric eel (Lair:3)
  A vampire bat (D:6)
  25 orc priests
  A hound (D:5)
  8 iguanas
  A jelly (D:6)
  A gnoll bouda (D:9)
  3 sleepcaps
  Jessica (D:2)
  Ijyb (D:3)
  21 orc wizards
  Robin (D:2)
  16 gnolls
  8 adders
  2 white imps
  3 ufetubi
  3 worms
  4 dart slugs
  117 orcs
  A bat skeleton (D:6)
  4 bat zombies (D:6)
  13 endoplasms
  3 giant cockroaches
  17 goblins
  8 hobgoblins
  6 quokkas
  10 ball pythons
  8 bats
  2 frilled lizards
  12 kobolds
  8 rats
  A fire vortex (Volcano)
1287 creatures vanquished.

Vanquished Creatures (collateral kills)
  Nikola (Snake:1)
  A sphinx (Depths:1)
  A tengu reaver (Depths:1)
  A fire giant (Depths:4)
  An iron dragon (Depths:4)
  An ironbound preserver (Vaults:1)
  A very ugly thing (Depths:1)
  A rakshasa (Depths:1)
  2 hydras (Lair:5)
  An alligator (Swamp:1)
  2 deep troll earth magi
  Sonja (Lair:2)
  A goliath frog (Swamp:1)
  2 deep trolls
  An orc knight (Bailey)
  2 ironbound convokers (Vaults:1)
  2 vault sentinels (Vaults:1)
  2 molten gargoyles (Volcano)
  A cane toad (Lair:5)
  An efreet (Volcano)
  A yaktaur (Vaults:1)
  2 slime creatures (Vaults:1)
  6 yaks (Lair:5)
  2 fire elementals (Volcano)
  3 nagas (Lair:2)
  A water moccasin (Lair:5)
  3 orc warriors
  An orc priest (Orc:2)
  2 orcs
  A fire vortex (Volcano)
48 creatures vanquished.

Vanquished Creatures (others)
  A tengu warrior (Depths:4)
  An ugly thing (D:14)
  An eye of devastation (Swamp:3)
  2 hornets
  4 bloated husks
  2 spriggans
  A redback (D:15)
  2 swamp worms (Swamp:2)
  2 nagas (Snake:4)
  A jelly (D:7)
  11 foxfires
28 creatures vanquished.

Grand Total: 1363 creatures vanquished

Notes
Turn   | Place    | Note
-------+----------+-------------------------------------------
     0 | D:1      | eliilek the Minotaur Fighter began the quest for the Orb.
     0 | D:1      | Reached XP level 1. HP: 19/19 MP: 0/0
   114 | D:1      | Reached XP level 2. HP: 27/27 MP: 1/1
   392 | D:1      | Reached skill level 1 in Dodging
   548 | D:1      | Reached XP level 3. HP: 32/33 MP: 2/2
   549 | D:1      | Reached skill level 4 in Shields
   732 | D:1      | Found a faded altar of an unknown god.
   741 | D:1      | Prayed at the altar of an unknown god.
   741 | D:1      | Became a worshipper of Nemelex Xobeh the Trickster
   741 | D:1      | Reached * piety under Nemelex Xobeh
   741 | D:1      | Received a gift from Nemelex Xobeh
   956 | D:2      | Reached XP level 4. HP: 40/40 MP: 3/3
   962 | D:2      | Noticed Robin
   983 | D:2      | Killed Robin
  1198 | D:2      | Reached skill level 5 in Armour
  1236 | D:2      | Identified the +7 ring mail "Ohismi" {Int+6}
  1313 | D:2      | Noticed Jessica
  1313 | D:2      | Killed Jessica
  1314 | D:2      | Reached skill level 1 in Invocations
  1314 | D:2      | Reached XP level 5. HP: 47/47 MP: 4/4
  1490 | D:2      | Found a burning altar of Makhleb.
  1972 | D:3      | Found a hazy altar of Hepliaklqana.
  1983 | D:3      | Reached ** piety under Nemelex Xobeh
  2044 | D:3      | Found a bloodstained altar of Trog.
  2177 | D:3      | Noticed Ijyb
  2190 | D:3      | Killed Ijyb
  2437 | D:3      | Noticed Sigmund
  2446 | D:3      | Killed Sigmund
  2447 | D:3      | Reached XP level 6. HP: 55/55 MP: 6/6
  2757 | D:3      | Found a glowing silver altar of Zin.
  2758 | D:3      | Found a sparkling altar of Nemelex Xobeh.
  3108 | D:4      | Noticed a water moccasin
  3120 | D:3      | Killed a water moccasin
  3121 | D:3      | Reached skill level 5 in Fighting
  3121 | D:3      | Reached skill level 5 in Shields
  3139 | D:4      | Received a gift from Nemelex Xobeh
  3296 | D:4      | Reached XP level 7. HP: 61/61 MP: 7/7
  3562 | D:4      | Identified the +0 pair of gloves "Rirchebu" {rPois rN++
                  | SInv}
  3788 | D:5      | Entered Level 5 of the Dungeon
  4207 | D:5      | Reached skill level 5 in Polearms
  4207 | D:5      | Reached XP level 8. HP: 70/70 MP: 9/9
  4242 | D:5      | Reached *** piety under Nemelex Xobeh
  4277 | D:5      | Received a gift from Nemelex Xobeh
  4501 | D:5      | Reached skill level 6 in Shields
  4720 | D:6      | Found a staircase to the Ecumenical Temple.
  5193 | D:6      | Found an ancient bone altar of Kikubaaqudgha.
  5310 | D:7      | Received a gift from Nemelex Xobeh
  5419 | D:7      | Reached XP level 9. HP: 74/78 MP: 11/11
  5457 | D:7      | Found a broken altar of Ashenzari.
  5458 | D:7      | Found a shimmering blue altar of Sif Muna.
  5495 | D:7      | Identified the -1 hand axe of Ash {heavy, rF+ Str-4 Stlth+}
  5659 | D:7      | Reached skill level 7 in Shields
  5864 | D:7      | Reached **** piety under Nemelex Xobeh
  6225 | D:8      | Reached skill level 5 in Invocations
  6341 | D:8      | Found a blossoming altar of Fedhas.
  7127 | D:9      | Reached XP level 10. HP: 45/88 MP: 13/13
  7272 | D:9      | Found an iron altar of Okawaru.
  7462 | D:9      | Received a gift from Nemelex Xobeh
  7944 | D:9      | Reached skill level 10 in Polearms
  8266 | D:9      | Received a gift from Nemelex Xobeh
  8350 | D:9      | Identified the +1 robe of Apriwoit {Str+3 Int+3 Dex-3}
  8558 | D:10     | Entered Level 10 of the Dungeon
  8631 | D:10     | Reached skill level 5 in Dodging
  8795 | D:10     | Found a flagged portal.
  8804 | Bailey   | Entered a bailey
  9013 | Bailey   | Noticed an orc knight
  9054 | Bailey   | Killed an orc knight
  9055 | Bailey   | Reached XP level 11. HP: 16/97 MP: 13/15
  9452 | Bailey   | Identified the +4 tower shield of Relativism {rElec rPois
                  | Str+5}
  9795 | D:10     | Found a staircase to the Orcish Mines.
  9837 | D:10     | Found a staircase to the Lair.
 10352 | D:10     | Received a gift from Nemelex Xobeh
 10669 | Lair:1   | Entered Level 1 of the Lair of Beasts
 11011 | Lair:1   | Reached skill level 8 in Shields
 11061 | Lair:1   | Found a dark tunnel.
 11074 | Lair:1   | Reached skill level 10 in Armour
 11087 | Volcano  | Entered a volcano
 11449 | Volcano  | Noticed a lindwurm
 11449 | Volcano  | Noticed a lindwurm
 11606 | Volcano  | Killed a lindwurm
 11756 | Volcano  | Killed a lindwurm
 11985 | Volcano  | Reached skill level 10 in Fighting
 11994 | Volcano  | Reached skill level 9 in Shields
 12800 | Lair:1   | Identified the +3 spear "Tyemirux" {drain, Dex+3}
 12947 | Lair:1   | Reached XP level 12. HP: 97/106 MP: 16/16
 13097 | Lair:1   | Reached ***** piety under Nemelex Xobeh
 13097 | Lair:1   | Received a gift from Nemelex Xobeh
 13744 | Lair:2   | Noticed Erica
 13774 | Lair:1   | Reached skill level 10 in Shields
 13831 | Lair:2   | Killed Erica
 14070 | Lair:2   | Noticed Sonja
 14094 | Lair:2   | Found a staircase to the Snake Pit.
 14096 | Lair:2   | Killed Sonja
 14473 | Lair:2   | Identified the +6 battleaxe of Offence {heavy, Dex+2}
 14645 | Lair:2   | Reached skill level 11 in Shields
 14883 | Lair:2   | Received a gift from Nemelex Xobeh
 15613 | Lair:3   | Found a staircase to the Swamp.
 15625 | Lair:3   | Reached XP level 13. HP: 116/116 MP: 18/18
 16104 | Lair:3   | Reached skill level 12 in Shields
 17026 | Lair:4   | Received a gift from Nemelex Xobeh
 18053 | Lair:4   | Identified a scroll of acquirement
 18115 | Lair:5   | Entered Level 5 of the Lair of Beasts
 18115 | Lair:5   | Received a gift from Nemelex Xobeh
 18140 | Lair:5   | Reached skill level 13 in Shields
 18312 | Lair:5   | Found a runed translucent door.
 18313 | Lair:5   | Noticed an acid blob
 18314 | Lair:5   | Noticed an acid blob
 18314 | Lair:5   | Noticed an acid blob
 18320 | Lair:5   | Found a staircase to the Slime Pits.
 18536 | Lair:5   | Reached ****** piety under Nemelex Xobeh
 18696 | Lair:5   | Received a gift from Nemelex Xobeh
 18871 | Lair:5   | Reached skill level 10 in Invocations
 19247 | Lair:5   | Reached XP level 14. HP: 125/127 MP: 20/20
 19321 | Lair:5   | Identified the +3 war axe of Linearity {freeze, Fly Str+3
                  | Dex-2}
 19688 | Lair:5   | Found a corrupted altar of Lugonu.
 19688 | Lair:5   | Found a one-way gate to the infinite horrors of the Abyss.
 19707 | Lair:5   | Identified the +1 robe of Snakes and Ladders {Int+3 Stlth+}
 20819 | D:12     | Received a gift from Nemelex Xobeh
 21480 | D:12     | Reached skill level 14 in Shields
 21683 | D:12     | Acquired 1098 gold pieces
 21741 | Orc:1    | Entered Level 1 of the Orcish Mines
 21949 | Orc:1    | Paralysed by an ogre mage for 4 turns
 22286 | Orc:2    | Entered Level 2 of the Orcish Mines
 22292 | Orc:2    | Found Jonnu's General Store.
 22302 | Orc:2    | Bought a +5 ring of evasion for 576 gold pieces
 22459 | Orc:2    | Found Meudorem's Weapon Boutique.
 22527 | Orc:2    | Received a gift from Nemelex Xobeh
 22566 | Orc:2    | Reached skill level 15 in Polearms
 22662 | Orc:2    | Found a staircase to the Elven Halls.
 22774 | Orc:2    | Found Hudyuv's Assorted Antiques.
 22993 | Orc:2    | Lost intelligence.
 22998 | Orc:2    | Noticed Saint Roka
 23046 | Orc:2    | Killed Saint Roka
 23260 | Orc:2    | Found Sibeal's Antique Weapon Shop.
 23265 | Orc:2    | Found Atoa's Antique Armour Boutique.
 23270 | Orc:2    | Bought an embroidered cloak for 210 gold pieces
 23903 | Orc:2    | Bought a +0 spear of flaming for 118 gold pieces
 23912 | Orc:1    | Noticed Luopp's ghost (journeyman MiFi)
 23912 | Orc:1    | Found a runed translucent door.
 23912 | Orc:1    | Found Elatim's Armour Shop.
 24288 | Orc:1    | Killed Luopp's ghost
 24415 | Swamp:1  | Entered Level 1 of the Swamp
 24462 | Swamp:1  | Reached XP level 15. HP: 79/138 MP: 21/21
 24752 | Swamp:1  | Received a gift from Nemelex Xobeh
 24785 | Swamp:1  | Reached skill level 15 in Shields
 25378 | Swamp:1  | Received a gift from Nemelex Xobeh
 26014 | Swamp:2  | Reached skill level 15 in Armour
 26215 | Swamp:2  | You fall into a shaft and drop 1 floor!
 26766 | Swamp:2  | Reached skill level 15 in Fighting
 27297 | Swamp:3  | Identified the orb of Heresy {*channel, rElec}
 27427 | Swamp:3  | Received a gift from Nemelex Xobeh
 27964 | Swamp:3  | Identified the +6 war axe of Demonkind {venom, rC+}
 27984 | Swamp:3  | Reached skill level 16 in Shields
 28086 | Swamp:4  | Entered Level 4 of the Swamp
 28086 | Swamp:4  | Noticed a fenstrider witch
 28097 | Swamp:4  | Killed a fenstrider witch
 29038 | Swamp:4  | Reached XP level 16. HP: 136/150 MP: 22/22
 29051 | Swamp:4  | Noticed a thorn hunter
 29080 | Swamp:4  | Killed a thorn hunter
 29103 | Swamp:4  | Noticed a thorn hunter
 29126 | Swamp:4  | Killed a thorn hunter
 29459 | Swamp:4  | Noticed a thorn hunter
 29476 | Swamp:4  | Killed a thorn hunter
 29605 | Swamp:4  | Got a decaying rune of Zot
 29714 | Swamp:4  | Received a gift from Nemelex Xobeh
 29961 | Snake:1  | Entered Level 1 of the Snake Pit
 30401 | Snake:1  | Noticed Nikola
 30422 | Snake:1  | Killed Nikola
 30684 | Snake:1  | Noticed Rupert
 30736 | Snake:1  | Killed Rupert
 31000 | Snake:1  | Received a gift from Nemelex Xobeh
 31242 | Snake:1  | Identified the +1 flail "Iptim" {freeze, Dex+3}
 31413 | Snake:1  | Reached skill level 17 in Shields
 33160 | Snake:3  | Reached XP level 17. HP: 159/160 MP: 24/24
 33181 | Snake:3  | Noticed Vashnia
 33222 | Snake:3  | Killed Vashnia
 33341 | Snake:3  | Identified the +0 pair of gloves "Damuonup" {Will+}
 33436 | Snake:4  | Entered Level 4 of the Snake Pit
 33962 | Snake:4  | Found Bularitu's Neck Hole.
 34057 | Snake:4  | Received a gift from Nemelex Xobeh
 34311 | Snake:4  | Reached skill level 18 in Shields
 35153 | Snake:4  | Got a serpentine rune of Zot
 35522 | D:13     | Noticed Maurice
 35548 | D:13     | Received a gift from Nemelex Xobeh
 35551 | D:13     | Killed Maurice
 36263 | D:13     | Received a gift from Nemelex Xobeh
 36595 | D:14     | You fall into a shaft and drop 1 floor!
 36595 | D:15     | Entered Level 15 of the Dungeon
 36620 | D:15     | Received a gift from Nemelex Xobeh
 37240 | D:13     | Reached skill level 19 in Shields
 37437 | D:14     | Found a stormy altar of Qazlal.
 37612 | D:14     | Found a gate to the Vaults.
 37691 | D:15     | Received a gift from Nemelex Xobeh
 37974 | D:15     | Reached XP level 18. HP: 76/171 MP: 26/26
 38180 | D:15     | Found a staircase to the Depths.
 38295 | D:15     | Found a sparkling altar of Nemelex Xobeh.
 38503 | D:15     | Received a gift from Nemelex Xobeh
 38676 | Depths:1 | Entered Level 1 of the Depths
 38699 | Depths:1 | Found a runed translucent gate.
 38699 | Depths:1 | Found a runed translucent gate.
 38699 | Depths:1 | Found a runed translucent gate.
 39666 | Depths:1 | Reached skill level 20 in Shields
 40038 | Depths:1 | Found a gateway to Hell.
 40201 | Depths:1 | Noticed Sojobo
 40223 | Depths:1 | Identified the +2 demon trident of the Thieving Jester
                  | {venom, Str+3}
 40252 | Depths:1 | HP: 1/173 [tengu reaver/bolt of fire[Sojobo] (54)]
 40601 | D:15     | Killed Sojobo
 41006 | Depths:1 | Found a one-way gateway to a ziggurat.
 41037 | Depths:1 | Identified the +6 leather armour of Beogh's Supremacy
                  | {Rampage rF+ rC+}
 41166 | Depths:1 | You fall into a shaft and drop 1 floor!
 41177 | Depths:2 | Noticed a lich
 41188 | Depths:2 | Killed a lich
 41308 | Depths:1 | Found a shadowy altar of Dithmenos.
 41458 | Zig:1    | Entered Level 1 of a ziggurat
 41479 | Zig:1    | Noticed an ancient lich
 41812 | Zig:2    | Entered Level 2 of a ziggurat
 41896 | Zig:3    | Entered Level 3 of a ziggurat
 41913 | Zig:3    | Reached skill level 21 in Shields
 41995 | Zig:4    | Entered Level 4 of a ziggurat
 42016 | Zig:4    | Noticed a tentacled monstrosity
 42018 | Zig:4    | Lost intelligence.
 42048 | Zig:4    | Killed a tentacled monstrosity
 42137 | Zig:4    | Identified the +1 ice dragon scales "Gawutwiec" {+Inv rF-
                  | rC++ Dex+2}
 42846 | Depths:2 | Found a transporter.
 42847 | Depths:2 | Noticed a tentacled monstrosity
 42849 | Depths:2 | Noticed a tentacled monstrosity
 42850 | Depths:2 | Found a corrupted altar of Lugonu.
 43216 | Depths:2 | Found Nerechuj's Assorted Antiques.
 43224 | Depths:2 | Bought a scroll of acquirement for 1144 gold pieces
 43224 | Depths:2 | Bought a pitted trident for 187 gold pieces
 43224 | Depths:2 | Identified the +1 trident of the Tortured God {freeze, rC+
                  | Str+5 Dex-3} (You bought it in a shop on level 2 of the
                  | Depths)
 43282 | Depths:2 | Reached XP level 19. HP: 139/182 MP: 28/28
 43473 | Depths:2 | Found a one-way gate leading to the halls of Pandemonium.
 43582 | Depths:2 | Found an ornate altar of the Wu Jian Council.
 44078 | Depths:2 | Received a gift from Nemelex Xobeh
 44085 | Depths:2 | Found a transporter.
 44421 | Depths:3 | Acquired 1232 gold pieces
 44422 | Depths:3 | Acquired the ring of Rusuf {Fly rElec rC+ SInv Stlth+}
 45439 | Depths:3 | Identified the +2 kite shield of the Kraken {rC- rN+ Int+8
                  | Dex+3}
 46391 | Depths:3 | Reached skill level 22 in Shields
 46989 | Depths:4 | Entered Level 4 of the Depths
 48180 | Depths:4 | Found Ewudufoq's Distillery.
 48188 | Depths:4 | Found Axyeroutae's Assorted Antiques.
 48188 | Depths:4 | Found Aclo's Antique Armour Shop.
 48189 | Depths:4 | Received a gift from Nemelex Xobeh
 48193 | Depths:4 | Bought a potion of heal wounds for 60 gold pieces
 48193 | Depths:4 | Bought a potion of heal wounds for 60 gold pieces
 48193 | Depths:4 | Found Peli Joagh's Assorted Antiques.
 48227 | Depths:4 | Bought a glowing plate armour for 884 gold pieces
 48227 | Depths:4 | Bought a pair of glowing gloves for 255 gold pieces
 48293 | Depths:4 | Noticed a golden dragon
 48299 | Depths:4 | Noticed a bone dragon
 48299 | Depths:4 | Noticed a juggernaut
 48322 | Depths:4 | Killed a golden dragon
 48328 | Depths:4 | Killed a juggernaut
 48400 | Depths:4 | Killed a bone dragon
 48411 | Depths:4 | Noticed a golden dragon
 48451 | Depths:4 | Killed a golden dragon
 48801 | Depths:4 | Identified the +9 rapier "Cuofetar" {flame, rN+ Str+3
                  | Stlth+}
 48802 | Depths:4 | Found a portal to a secret trove of treasure.
 48826 | Depths:4 | Noticed Louise
 48876 | Depths:4 | Killed Louise
 49185 | Depths:4 | Reached XP level 20. HP: 173/193 MP: 30/30
 49491 | Depths:4 | Found a gate to the Realm of Zot.
 49512 | Depths:4 | Reached skill level 23 in Shields
 49697 | Depths:4 | Received a gift from Nemelex Xobeh
 50109 | Vaults:1 | Entered Level 1 of the Vaults
 50249 | Vaults:1 | Received a gift from Nemelex Xobeh
 50623 | Vaults:1 | Received a gift from Nemelex Xobeh
 50825 | Vaults:1 | Reached skill level 15 in Invocations
 51772 | Vaults:1 | Received a gift from Nemelex Xobeh
 52185 | Vaults:2 | Found a staircase to the Crypt.
 52556 | Vaults:2 | Noticed Mennas
 52590 | Vaults:2 | Noticed Mara
 52612 | Vaults:2 | Noticed eliilek's illusion
 52627 | Vaults:2 | Identified the +1 trident of Pityca {elec, SInv}
 52643 | Vaults:2 | Killed Mennas
 53078 | Vaults:2 | Reached skill level 24 in Shields
 53447 | Vaults:2 | Received a gift from Nemelex Xobeh
 53564 | Vaults:2 | Noticed eliilek's illusion
 53580 | Vaults:2 | eliilek's illusion changed into eliilek the fenstrider
                  | witch
 53580 | Vaults:2 | Mara changed into Mara the hellephant
 53580 | Vaults:2 | Noticed Mara
 53580 | Vaults:2 | Mara changed into Mara the hellephant
 53580 | Vaults:2 | Noticed Mara
 53580 | Vaults:2 | Mara changed into Mara the Hell Sentinel
 53580 | Vaults:2 | Noticed Mara
 53612 | Vaults:2 | Killed from afar by Mara the hellephant

Illustrated notes

Levels and vault maps discovered:
D:1:      lemuel_arrival_room, layout_basic,
          hellmonk_ecumenical_altar_crossroads, minmay_ruptured
D:2:      layout_basic, serial_curves, eino_curves_03, eino_curves_04,
          basic_altar, uniq_jessica, uniq_robin
D:3:      layout_loops_corners, nicolae_overflow_hidden_temple, serial_forest,
          infiniplex_forest_straight_4, infiniplex_forest_straight_4,
          infiniplex_forest_corner_1, infiniplex_forest_clump_double,
          infiniplex_forest_clump_curved, infiniplex_forest_straight_3,
          infiniplex_forest_zigzag_1, uniq_sigmund, uniq_ijyb
D:4:      layout_rooms
D:5:      nicolae_cairo_tiling_very_big, layout_basic
D:6:      layout_cave_pools, kennysheep_vampire_church, temple_pool_b,
          chequers_serial_rivers_micro_d, amcnicky_mini_pool_medium
D:7:      layout_cave_pools, gammafunk_temple_overflow_statue
D:8:      layout_cave_pools, fedhas_altar_2
D:9:      layout_grid_maze, nicolae_overflow_crystal_walls
D:10:     layout_loops_ring, erik_lair_orcish_takeover, orc_0_dummy,
          special_room [special_room_orc], enter_bailey_2
D:11:     layout_loops_ring
D:12:     layout_loops_ring, grunt_decor_clamped, eino_tiny_chamber,
          corexii_leaking_fountain
D:13:     layout_grid_maze, uniq_maurice
D:14:     layout_cave_pools, david_vaults_5, grunt_qazlal_clouds
D:15:     hangedman_depths_entry_civil_slaughter, layout_loops_ring,
          chequers_jeans, nemelex_xobeh_ov_fountains_minmay
Lair:1:   layout_cave_pods, nicolae_volcano_entry_hallway, evilmike_ambush
          [evilmike_ambush_outer_corners, evilmike_ambush_inner_pond],
          grunt_megastairs_3
Lair:2:   layout_regular_city, minmay_snake_entry_guardpost_large,
          nicolae_lair_grove_arrangements, minmay_lair_oklob_bushes,
          beast_lair_carwin_9, uniq_sonja, uniq_erica
Lair:3:   cheibrodos_lair_overgrown_chateau, layout_hall_layers,
          skrybe_swamp_entry_bodies, chequers_serial_rivers_micro_b,
          chequers_serial_rivers_large_a, patterned_corridor,
          serial_bayou_shore_a
Lair:4:   layout_concentric_octagons, serial_bayou_pond_c,
          infiniplex_staircase_pool_2
Lair:5:   hellmonk_lair_end_abyssal_woods, layout_gridlike, slime_entry_2,
          columned_hall_lemuel
Swamp:1:  layout_basic_swamp, nicolae_swamp_triple_paths
Swamp:2:  layout_basic_swamp, serial_swamp_ruin, evilmike_swamp_ruin_house_2,
          hangedman_swamp_ruin_wall, evilmike_swamp_ruin_house_3
Swamp:3:  layout_basic_swamp, hangedman_swamp_ruin_hall, swamp_pool1
Swamp:4:  swamp, layout_basic_swamp, swamp_pool2, infiniplex_staircase_pool
Snake:1:  layout_cave_pods, uniq_nikola, uniq_rupert
Snake:2:  layout_onion
Snake:3:  layout_rooms, nicolae_snake_squiggles, uniq_vashnia
Snake:4:  johnstein_snake_rune_scales, layout_rooms,
          nicolae_shop_sticking_my_neck_out, grunt_megastairs_5
Orc:1:    layout_caves, ebering_ghost_inner_flame, serial_shops, shop
Orc:2:    grunt_orc_community_town_hall, layout_diamond_mine,
          grunt_orc_community_big_house_1, grunt_orc_community_big_house_1,
          grunt_orc_community_house_1, grunt_orc_community_house_1,
          grunt_orc_community_house_2, grunt_orc_community_house_2,
          grunt_orc_community_house_3, grunt_orc_community_house_1,
          serial_shops, nicolae_shop_trees
Vaults:1: nicolae_vaults_little_squares_2, v_misc_1, nicolae_vaults_arrows,
          nicolae_vaults_shelves_hall, nicolae_vaults_ninety_degrees,
          nicolae_vaults_double_plus_1, vaults_dpeg_hooks,
          layout_vaults_chaotic_city
Vaults:2: ontoclasm_vaults_misaligned, nicolae_vaults_what_the_h,
          nicolae_vaults_asterisk, nicolae_vaults_double_plus_3,
          minmay_crypt_entry_simple_round, nicolae_vaults_tetromino_T_2,
          nicolae_vaults_closet_pinwheel_5, v_misc_4,
          nicolae_vaults_wine_cellar, vaults_dpeg_encased_lava,
          vaults_room_fours, layout_vaults_ring, uniq_mara, uniq_mennas
Depths:1: layout_basic, enter_ziggurat_f, nicolae_dithmenos_the_darkroom,
          grunt_metal_band, kennysheep_flooded_box, minmay_misc_feat_diagonals,
          drop_trap, pandoras_box_mu, uniq_sojobo
Depths:2: gammafunk_corrupted_shrine, layout_gridlike,
          nicolae_wu_jian_wuxing_cycle, pan_entry, hangedman_geh_valley,
          serial_shops, nicolae_shop_overgrown_old_shop,
          infiniplex_staircase_zigzag_3
Depths:3: kennysheep_scales, layout_gridlike, abyss_entry, minmay_misc_feat_chi,
          hangedman_coc_ice_floe, serial_bayou_shore_b,
          minmay_staircase_windowed_small
Depths:4: evilmike_zot_entry_diamond, layout_honeycomb,
          nicolae_trove_entry_path_of_doom,
          nicolae_abyss_entry_one_way_or_another, hell_entry,
          serial_bayou_shore_b, minmay_shoptagon

Skill      XL: |  1  2  3  4  5  6  7  8  9 10 11 12 13 14 15 16 17 18 19 20 |
---------------+-------------------------------------------------------------+-----
Armour         | 4 5 6 7 8 9 10 11 12 14 15 17 18 | 18.0
Dodging        | 1 2 3 5 6 8 |  8.0
Shields        | 4 5 6 7 9 11 13 14 16 17 19 21 22 24 | 24.1
Fighting       | 4 5 6 7 9 10 11 12 14 15 16 17 19 20 | 20.7
Invocations    | 1 2 3 4 5 6 7 8 10 11 12 13 14 15 | 15.0
Polearms       | 2 3 5 7 9 11 12 14 15 16 17 18 19 20 | 20.2
Maces & Flails | |  2.4

Action                     |  1- 3 |  4- 6 |  7- 9 | 10-12 | 13-15 | 16-18 | 19-21 || total
---------------------------+-------+-------+-------+-------+-------+-------+-------++-------
  Melee: Flail             |    71 |    80 |       |       |       |       |       ||   151
         Headbutt          |     9 |    71 |    75 |   242 |   560 |   660 |   660 ||  2277
         Spear             |       |   179 |   431 |  1140 |  2374 |  2647 |  1891 ||  8662
         Rapier            |       |       |       |       |    10 |       |       ||    10
   Fire: Sling             |       |    54 |    28 |       |       |       |       ||    82
  Throw: Dart              |       |       |       |     2 |     5 |       |     2 ||     9
 Invoke: Draw Destruction  |       |     1 |     2 |     2 |    13 |    18 |     7 ||    43
         Draw Summoning    |       |       |     1 |     2 |     3 |    10 |     6 ||    22
         Deal Four         |       |       |       |     2 |     2 |     4 |     3 ||    11
         Draw Escape       |       |       |       |     2 |     3 |     4 |     6 ||    15
  Evoke: Wand              |       |       |       |       |       |     1 |       ||     1
    Use: Potion            |       |     1 |       |     1 |     7 |     4 |     5 ||    18
         Scroll            |       |       |     7 |    10 |    16 |     8 |     2 ||    43
   Stab: Distracted        |       |       |     1 |     3 |     1 |     4 |     3 ||    12
         Petrifying        |       |       |       |       |     2 |       |       ||     2
 Armour: Scale mail        |    23 |    14 |       |       |       |       |       ||    37
         Plate armour      |       |     9 |       |     3 |       |       |       ||    12
         Ring mail         |       |    18 |   156 |    64 |       |       |       ||   238
         Crystal plate arm |       |       |       |   149 |   586 |   595 |   377 ||  1707
  Dodge: Dodged            |    21 |    48 |   153 |   159 |   417 |   480 |   236 ||  1514
  Block: Buckler           |    33 |    64 |    94 |    46 |       |       |       ||   237
         Reflection        |       |     1 |       |       |       |       |       ||     1
         Tower shield      |       |       |       |   422 |  1677 |  1885 |  1288 ||  5272
